 Dungeon Crawl Stone Soup version 0.29.1-1-gd02db6906a (webtiles) character file.

Game seed: 17424321529098450406

107 Theotherone the Cudgeller (level 4, -8/28 HPs)
             Began as a Gargoyle Fighter on Oct 16, 2022.
             Was a Follower of Wu Jian.
             Mangled by Tirrikindir's ghost (10 damage)
             ... on level 3 of the Dungeon.
             The game lasted 00:08:25 (2874 turns).

Theotherone the Cudgeller (Gargoyle Fighter)        Turns: 2874, Time: 00:08:25

Health: -8/28      AC: 11    Str: 21    XL:     4   Next: 86%
Magic:  4/4        EV:  9    Int:  9    God:    Wu Jian [*.....]
Gold:   133        SH:  4    Dex:  9    Spells: 3/3 levels left

rFire   . . .      SeeInvis .   r - +6 trident
rCold   . . .      Faith    .   c - +0 buckler
rNeg    + . .      Spirit   .   b - +0 scale mail
rPois   ∞          Reflect  .   (no helmet)
rElec   +          Harm     .   (no cloak)
rCorr   .          Rampage  .   (no gloves)
Will    .....                   k - +0 pair of boots
Stlth   ..........              (no amulet)
HPRegen 0.09/turn               (no ring)
MPRegen 0.09/turn               (no ring)

@: mighty
A: sickness immunity, AC +3, negative energy resistance 1, electricity
resistance, torment resistance 1, petrification resistance
a: Renounce Religion


You were on level 3 of the Dungeon.
You worshipped Wu Jian.
Wu Jian was aware of your devotion.
You visited 1 branch of the dungeon, and saw 3 of its levels.

You collected 133 gold pieces.

Inventory:

Hand Weapons
 a - a +0 flail
 f - a +0 sling
 j - a +0 short sword
 r - a +6 trident (weapon)
Missiles
 g - 61 stones (quivered)
 l - 2 curare-tipped darts
Armour
 b - a +0 scale mail (worn)
 c - a +0 buckler (worn)
 k - a +0 pair of boots (worn)
Jewellery
 i - a ring of protection from fire
Scrolls
 e - a scroll of noise {unknown}
 h - a scroll of fog {unknown}
 m - a scroll of poison {unknown}
 o - 2 scrolls of identify {unknown}
 p - 3 scrolls of immolation {unknown}
Potions
 n - a potion of mutation {unknown}
 q - a potion of haste {unknown}


   Skills:
 - Level 3.2 Fighting
 - Level 4.7 Maces & Flails
 + Level 0.7 Polearms
 - Level 3.2 Armour
 - Level 3.2 Shields


You had 3 spell levels left.
You didn't know any spells.
Your spell library contained the following spells:

 Spells                   Type           Power      Damage    Failure   Level
 Portal Projectile        Hex/Tloc       0%         N/A       99%         3
 Tukima's Dance           Hex            0%         N/A       99%         3
 Blade Hands              Tmut           0%         N/A       100%        5


Dungeon Overview and Level Annotations

Branches:
Dungeon (3/15)

Altars:
Ashenzari
Wu Jian

Shops:
D:3 (

Annotations:
D:3 Tirrikindir's ghost, amateur OpFi


Innate Abilities, Weirdness & Mutations

You are immune to sickness and miasma.
Your stone body is resilient. (AC +3)
You are immune to poison.
You resist negative energy. (rN+)
You are resistant to electric shocks. (rElec)
You are resistant to unholy torment.
You are immune to petrification.


Message History

Unknown command.
Unknown command.
Unknown command.
Unknown command.
Unknown command.
Unknown command.
Unknown command.
Unknown command.
Unknown command.
Unknown command.
You open the gate.
You feel very mighty all of a sudden.
The centaur skeleton hits you but does no damage.
The centaur skeleton kicks you but does no damage.
The bullfrog zombie closely misses you.
You puncture Tirrikindir's ghost!
Tirrikindir's ghost is moderately damaged.
The bullfrog zombie hits you. The bullfrog zombie closely misses you.
The wyvern zombie bites you but does no damage.
You impale Tirrikindir's ghost!!
Tirrikindir's ghost is almost destroyed.
You block Tirrikindir's ghost's attack.
The bullfrog zombie hits you but does no damage.
The wyvern zombie closely misses you.
Tirrikindir's ghost hits you but does no damage.
You block the bullfrog zombie's attack. The wyvern zombie bites you.
You barely miss Tirrikindir's ghost.
Tirrikindir's ghost is almost destroyed.
The bullfrog zombie hits you but does no damage.
The wyvern zombie bites you but does no damage.
Tirrikindir's ghost shrieks, "You must not succeed where I failed!"
Tirrikindir's ghost hits you.
You barely miss Tirrikindir's ghost.
Tirrikindir's ghost is almost destroyed.
The bullfrog zombie closely misses you. The wyvern zombie bites you!
You block Tirrikindir's ghost's attack. The bullfrog zombie hits you.
The wyvern zombie bites you!
* * * LOW HITPOINT WARNING * * *
Tirrikindir's ghost hits you!
You die...

##...####.....<...####
#.......'.........'...
##...####.........####
####.## ##.......## #
#....### ##.....## #
#.##...### ###..## # #
#.###.#.#.#+##
#...#Z....#.#
#..@WZ..$##.#
#.....ZZ...$.#.##
####...'....##..##
####
#...#.....#...###...
#.###.#.#.#.......##
#.. ##### #.####### #.
#.# ## #.# #.#


You could see Tirrikindir's ghost, a bullfrog zombie, a wyvern zombie, a
bullfrog skeleton and a centaur skeleton.

Vanquished Creatures
  3 adders
  A worm (D:2)
  4 dart slugs
  2 orcs (D:3)
  8 ball pythons
  6 bats
  4 endoplasms
  2 giant cockroaches
  5 goblins
  2 hobgoblins (D:1)
  7 jackals
  10 kobolds
  A quokka (D:3)
  3 frilled lizards
  7 rats
65 creatures vanquished.

Notes
Turn   | Place    | Note
-------+----------+-------------------------------------------
     0 | D:1      | Theotherone the Gargoyle Fighter began the quest for the
                  | Orb.
     0 | D:1      | Reached XP level 1. HP: 14/14 MP: 1/1
   153 | D:1      | Reached XP level 2. HP: 16/19 MP: 2/2
   446 | D:1      | Reached skill level 3 in Maces & Flails
   656 | D:1      | Reached XP level 3. HP: 23/23 MP: 3/3
  1554 | D:2      | Reached skill level 4 in Maces & Flails
  1585 | D:2      | Reached XP level 4. HP: 23/28 MP: 4/4
  2353 | D:3      | Found Punerphixt's Weapon Boutique.
  2395 | D:3      | Found a faded altar of an unknown god.
  2423 | D:3      | Prayed at the altar of an unknown god.
  2423 | D:3      | Became a worshipper of the Wu Jian Council
  2423 | D:3      | Reached * piety under Wu Jian
  2794 | D:3      | Found a broken altar of Ashenzari.
  2798 | D:3      | Saw a vision of the Swamp and the Spider Nest.
  2798 | D:3      | Noticed a swamp dragon
  2798 | D:3      | Noticed a seven-headed hydra
  2798 | D:3      | Noticed a jumping spider
  2798 | D:3      | Noticed a tarantella
  2798 | D:3      | Noticed a jumping spider
  2798 | D:3      | Noticed a tarantella
  2798 | D:3      | Noticed a moth of wrath
  2798 | D:3      | Noticed a demonic crawler
  2798 | D:3      | Noticed a jumping spider
  2798 | D:3      | Noticed a tarantella
  2798 | D:3      | Noticed a redback
  2798 | D:3      | Noticed a radroach
  2798 | D:3      | Noticed a jumping spider
  2798 | D:3      | Noticed a jorogumo
  2798 | D:3      | Noticed a spark wasp
  2798 | D:3      | Noticed a goliath frog
  2798 | D:3      | Noticed a culicivora
  2799 | D:3      | Noticed a culicivora
  2799 | D:3      | Noticed a bog body
  2800 | D:3      | Noticed a tarantella
  2801 | D:3      | Noticed a pharaoh ant
  2801 | D:3      | Noticed a pharaoh ant
  2804 | D:3      | Noticed a demonic crawler
  2806 | D:3      | Noticed an entropy weaver
  2861 | D:3      | Found a runed translucent gate.
  2861 | D:3      | Found a runed translucent gate.
  2862 | D:3      | Noticed Tirrikindir's ghost (amateur OpFi)
  2863 | D:3      | Found a runed translucent gate.
  2874 | D:3      | Mangled by Tirrikindir's ghost

Illustrated notes

Levels and vault maps discovered:
D:1:      dpeg_arrival_court, layout_basic
D:2:      layout_loops_ring, minmay_tetromino_t4
D:3:      layout_loops_corners, grunt_ashenzari_visionary
          [grunt_ashenzari_visionary_swamp, grunt_ashenzari_visionary_spider],
          gammafunk_ghost_necromancy, serial_shops, shop,
          basic_ecumenical_altar, minivault_5

Skill      XL: |  1  2  3 |
---------------+----------+-----
Maces & Flails | 3 4 |  4.7
Fighting       | |  3.2
Polearms       | |  0.7
Armour         | |  3.2
Shields        | |  3.2

Action                   |  1- 3 |  4- 6 || total
-------------------------+-------+-------++-------
Melee: Flail             |   132 |    75 ||   207
       Trident           |       |    10 ||    10
Invok: Lunge             |       |     1 ||     1
  Use: Potion            |       |     1 ||     1
Armor: Scale mail        |   112 |    51 ||   163
Dodge: Dodged            |    79 |    43 ||   122
Block: Buckler           |    29 |    20 ||    49
